[Event "Titled Tuesday Blitz January 17 Late 2023"]
[White "AidenRchess"]
[Black "Leiva, Gianmarco"]
[BlackFideId "3804399"]
[WhiteElo "2443"]
[BlackElo "2392"]
[Result "0-1"]
[Round "05"]
[TimeControl "180+2"]
[Date "2023.01.17"]
[WhiteClock "0:00:42"]
[BlackClock "0:00:08"]

1. e4 c5 2. Nf3 d6 3. Bb5+ Nd7 4. Ba4 Nf6 5. O-O a6 6. c4 g6 7. Nc3 Bg7 8. d4 cxd4 9. Nxd4 O-O 10. Re1 Ne5 11. Bb3 Bd7 12. h3 Rc8 13. Qe2 Qc7 14. Nd5 Nxd5 15. cxd5 Nc4 16. Be3 Nxe3 17. Qxe3 Qb6 18. Rad1 Rc5 19. h4 a5 20. Rd2 Rfc8 21. h5 a4 22. Bd1 Rc1 23. hxg6 hxg6 24. Rf1 R8c4 25. Nc2 Qxe3 26. Nxe3 Rc5 27. Be2 Rxf1+ 28. Bxf1 Rc1 29. f3 Bh6 30. Re2 Bb5 31. Ng4 Bxe2 32. Nxh6+ Kg7 33. Ng4 Rxf1+ 34. Kh2 Rb1 35. b4 Rxb4 36. Ne3 Rb2 37. a3 b5 38. Nc4 bxc4 39. Kg3 c3 40. e5 c2 41. exd6 exd6 42. f4 c1=Q 43. Kh3 Qxf4 44. g3 Bg4+ 45. Kh4 g5# 0-1


[Site "https://www.chess.com"]

[Event "Titled Tuesday Blitz January 17 Late 2023"]
[White "Tokhirjonova, Gulrukhbegim"]
[Black "Aggelis, Nikolaos"]
[WhiteFideId "14203626"]
[BlackFideId "4213220"]
[WhiteElo "2340"]
[BlackElo "2270"]
[Result "1-0"]
[Round "05"]
[TimeControl "180+2"]
[Date "2023.01.17"]
[WhiteClock "0:01:04"]
[BlackClock "0:00:04"]

1. e4 a6 2. c4 e6 3. d4 b5 4. cxb5 Bb7 5. Nc3 Nf6 6. bxa6 Nxa6 7. f3 Bb4 8. Bd3 O-O 9. Ne2 c5 10. Be3 Rc8 11. O-O c4 12. Bc2 d6 13. Kh1 e5 14. Qe1 Re8 15. Rd1 d5 16. dxe5 Rxe5 17. Bd4 Rh5 18. Qg3 Qe7 19. exd5 Bd6 20. f4 Nb4 21. Bb1 Nbxd5 22. Nxd5 Bxd5 23. Nc3 Ba8 24. Rfe1 Qd8 25. Be5 Rc6 26. Nb5 Ne8 27. Nxd6 Rxd6 28. Rxd6 Qc8 29. Red1 Rh3 30. Rd8 Rxg3 31. Rxc8 Bxg2+ 32. Kg1 Bb7+ 33. hxg3 Bxc8 34. Rd8 Kf8 35. Rxc8 Ke7 36. Be4 f6 37. Bd4 Nd6 38. Bc5 Kd7 39. Bxd6 Kxc8 40. Bd5 Kd7 41. Bb4 g6 42. Bxc4 f5 43. Bc3 1-0


[Site "https://www.chess.com"]

[Event "Titled Tuesday Blitz January 17 Late 2023"]
[White "Jorajuria Mendoza, Algol"]
[Black "Megalios, Konstantinos"]
[WhiteFideId "5128897"]
[BlackFideId "4238044"]
[WhiteElo "2069"]
[BlackElo "2372"]
[Result "0-1"]
[Round "05"]
[TimeControl "180+2"]
[Date "2023.01.17"]
[WhiteClock "0:00:27"]
[BlackClock "0:00:15"]

1. e4 c5 2. Nf3 d6 3. g3 g6 4. Bg2 Bg7 5. O-O Nc6 6. c3 e5 7. d4 exd4 8. cxd4 cxd4 9. Na3 Nge7 10. h3 O-O 11. Nb5 d5 12. Nfxd4 Nxd4 13. Nxd4 dxe4 14. Be3 Nf5 15. Nxf5 Bxf5 16. g4 Be6 17. Bxe4 Qa5 18. Qe1 Qa6 19. Qb4 Qc4 20. Qxc4 Bxc4 21. Rfd1 Ba6 22. Rd2 Rfe8 23. Bf3 Rad8 24. Rad1 Rxd2 25. Rxd2 b6 26. b3 Bb5 27. Kg2 h6 0-1


[Site "https://www.chess.com"]

[Event "Titled Tuesday Blitz January 17 Late 2023"]
[White "Kokoszczynski, Jan"]
[Black "Naroditsky, Daniel"]
[WhiteFideId "1174460"]
[BlackFideId "2026961"]
[WhiteElo "2247"]
[BlackElo "2618"]
[Result "0-1"]
[Round "05"]
[TimeControl "180+2"]
[Date "2023.01.17"]
[WhiteClock "0:00:03"]
[BlackClock "0:00:41"]

1. d4 Nf6 2. c4 g6 3. Nc3 Bg7 4. Nf3 d6 5. g3 O-O 6. Bg2 Nbd7 7. O-O e5 8. e4 c6 9. h3 Qa5 10. Re1 exd4 11. Nxd4 Re8 12. Nb3 Qc7 13. Bf4 Ne5 14. c5 dxc5 15. Nxc5 Nh5 16. Bc1 Qe7 17. Nb3 Rd8 18. Qe2 Be6 19. Be3 Bc4 20. Qc2 Nd3 21. Red1 Nb4 22. Qc1 Nd3 23. Qc2 Nb4 24. Qc1 Rxd1+ 25. Qxd1 Rd8 26. Qc1 Nd3 27. Qc2 Qb4 28. Rd1 Bf6 29. e5 Nxe5 30. Rxd8+ Bxd8 31. Qe4 Qe7 32. Bc5 Qc7 33. Bxa7 Nf6 34. Qd4 Bxb3 35. axb3 Ned7 36. Bc5 Nxc5 37. Qxc5 Be7 38. Qd4 Qa5 39. Ne4 Nd5 40. Nc3 Bf6 41. Qd3 Nxc3 42. bxc3 Bxc3 43. Qc4 Qa1+ 44. Kh2 Bd4 45. Qe2 Qc3 46. Qf3 Qxf3 47. Bxf3 Bxf2 48. Kg2 Bd4 49. g4 f5 50. gxf5 gxf5 51. Bh5 Kg7 52. Kf3 Kf6 53. Kf4 Be5+ 54. Kf3 Ke7 55. Ke3 Kd6 56. Kd3 b5 57. Bf7 h6 58. Bg8 Kc5 59. Bh7 f4 60. Bg8 Kb4 0-1


[Site "https://www.chess.com"]

[Event "Titled Tuesday Blitz January 17 Late 2023"]
[White "Moroni, Luca Jr"]
[Black "Carbone, Diego"]
[WhiteFideId "865834"]
[BlackFideId "3002179"]
[WhiteElo "2535"]
[BlackElo "2336"]
[Result "1-0"]
[Round "05"]
[TimeControl "180+2"]
[Date "2023.01.17"]
[WhiteClock "0:01:10"]
[BlackClock "0:00:02"]

1. d4 Nf6 2. c4 g6 3. Nc3 d5 4. cxd5 Nxd5 5. e4 Nxc3 6. bxc3 Bg7 7. Bb5+ c6 8. Ba4 O-O 9. Nf3 b5 10. Bb3 a5 11. a4 b4 12. cxb4 axb4 13. O-O c5 14. Bd5 Ra7 15. Be3 Bg4 16. dxc5 e6 17. Bc4 Bxa1 18. Qxa1 Bxf3 19. gxf3 Qh4 20. Bb5 Qh3 21. c6 Qxf3 22. Rc1 Qg4+ 23. Kf1 Qh3+ 24. Ke1 Rc7 25. Qe5 Rfc8 26. Bd4 f6 27. Qxf6 Nxc6 28. Rxc6 Qxh2 29. Qh8+ Kf7 30. Qg7+ Ke8 31. Rxc7+ Kd8 32. Bf6# 1-0


[Site "https://www.chess.com"]

[Event "Titled Tuesday Blitz January 17 Late 2023"]
[White "Pein, Jonathan"]
[Black "Bikuzhin, Maksim"]
[WhiteFideId "417092"]
[BlackFideId "24128015"]
[WhiteElo "2265"]
[BlackElo "2279"]
[Result "0-1"]
[Round "05"]
[TimeControl "180+2"]
[Date "2023.01.17"]
[WhiteClock "0:00:13"]
[BlackClock "0:00:30"]

1. e4 c5 2. g3 d5 3. exd5 Qxd5 4. Nf3 Bg4 5. Bg2 Qe6+ 6. Kf1 Nc6 7. h3 Bh5 8. d3 Nf6 9. Na3 Qd7 10. Nc4 e6 11. g4 Bg6 12. Nfe5 Nxe5 13. Nxe5 Qc7 14. Bf4 Bd6 15. Nxg6 hxg6 16. Bxd6 Qxd6 17. Bxb7 Rb8 18. Qf3 O-O 19. b3 Nd7 20. Re1 Rfd8 21. a4 Ne5 22. Qe4 f6 23. Kg2 Qb6 24. f4 Rd4 25. a5 Qb4 26. fxe5 Rxe4 27. Bxe4 Qd2+ 28. Kg3 f5 29. gxf5 gxf5 30. Bf3 f4+ 31. Kg4 Qf2 32. Rhg1 Rf8 33. Ref1 Qxc2 34. Be4 Qb2 35. Rg2 Qxe5 36. Kf3 c4 37. bxc4 Qxa5 38. Rfg1 Rf7 39. Rg6 Qd2 40. R1g2 Qe3+ 41. Kg4 f3 42. Rb2 Qf4+ 43. Kh5 Qe5+ 44. Kh4 Qxb2 0-1


[Site "https://www.chess.com"]

[Event "Titled Tuesday Blitz January 17 Late 2023"]
[White "Sowa, Ryan"]
[Black "Vakhlamov, Igor L."]
[WhiteFideId "30901693"]
[BlackFideId "24126748"]
[WhiteElo "2073"]
[BlackElo "2413"]
[Result "1/2-1/2"]
[Round "05"]
[TimeControl "180+2"]
[Date "2023.01.17"]
[WhiteClock "0:00:02"]
[BlackClock "0:00:05"]

1. Nf3 Nf6 2. b3 g6 3. Bb2 Bg7 4. e3 O-O 5. d4 c5 6. dxc5 Qc7 7. b4 a5 8. a3 Rd8 9. Be5 d6 10. cxd6 exd6 11. Bb2 Nc6 12. b5 Ne5 13. Nbd2 Bf5 14. c4 Nd3+ 15. Bxd3 Bxd3 16. Qb3 Bf5 17. a4 d5 18. O-O dxc4 19. Qxc4 Qe7 20. Bd4 Rac8 21. Qb3 Ne4 22. Bxg7 Nxd2 23. Nxd2 Kxg7 24. Qb2+ Kg8 25. Nf3 Rc2 26. Qa3 Qxa3 27. Rxa3 Be4 28. Nd4 Rb2 29. Rc1 Rd6 30. h3 h5 31. Rac3 Ra2 32. Rc8+ Kg7 33. Re8 Bd5 34. e4 Rxa4 35. exd5 Rxd4 36. Re7 b6 37. Rc6 R4xd5 38. Rb7 Rxc6 39. bxc6 b5 40. c7 Rc5 41. Rxb5 Rc1+ 42. Kh2 Rxc7 43. Rxa5 h4 44. Ra4 g5 45. g3 hxg3+ 46. Kxg3 Rc3+ 47. Kg2 Kg6 48. Ra5 f6 49. Ra4 Rc5 50. Rb4 Kf5 51. Ra4 Re5 52. Rb4 Kg6 53. Ra4 Kh5 54. Rb4 f5 55. Ra4 Rb5 56. Rc4 Re5 57. Rb4 Re6 58. Ra4 Kg6 59. Rb4 Kf6 60. Ra4 Rd6 61. Rb4 Ke5 62. Ra4 Rd4 63. Ra5+ Kf4 64. Ra3 Rb4 65. Rf3+ Ke5 66. Re3+ Kf6 67. Ra3 Kg6 68. Ra6+ Kh5 69. Ra5 f4 70. Ra3 Rd4 71. Ra8 Rd3 72. Rh8+ Kg6 73. Rg8+ Kf6 74. Rf8+ Kg7 75. Ra8 Kf6 76. Ra6+ Ke5 77. Ra8 Rd5 78. Rf8 Ke4 79. Re8+ Re5 80. Ra8 Rd5 81. Re8+ Kf5 82. Ra8 Re5 83. Ra4 Kg6 84. Ra6+ Kf5 85. Ra4 Rd5 86. Ra8 Rd2 87. Rf8+ Kg6 88. Ra8 Kf6 89. Rf8+ Kg7 90. Ra8 Rd5 91. Ra6 Kf7 92. Kf3 Rd2 93. Rb6 Ra2 94. Rc6 Kg7 95. Rb6 Rc2 96. Ra6 Rb2 97. Rc6 Ra2 98. Rd6 Rb2 99. Re6 Kf7 100. Rc6 Ra2 101. Rc5 Kg6 102. Rc6+ Kh5 103. Kg2 Ra3 104. Rb6 Rc3 105. Ra6 Rc5 106. Rb6 g4 107. hxg4+ Kxg4 108. Rb3 Rg5 109. Ra3 Rg7 110. Rb3 Rg8 111. f3+ Kh4+ 112. Kf2 Kh3 113. Rb7 Rg2+ 114. Kf1 Ra2 115. Rg7 Ra3 116. Kf2 Ra2+ 117. Kf1 Rb2 118. Rg4 Ra2 119. Rxf4 Kg3 120. Rf8 Rf2+ 121. Ke1 Rxf3 122. Rxf3+ Kxf3 1/2-1/2


[Site "https://www.chess.com"]

[Event "Titled Tuesday Blitz January 17 Late 2023"]
[White "Tanenbaum, Zachary"]
[Black "Mareco, Sandro"]
[WhiteFideId "2060850"]
[BlackFideId "112275"]
[WhiteElo "2261"]
[BlackElo "2633"]
[Result "1-0"]
[Round "05"]
[TimeControl "180+2"]
[Date "2023.01.17"]
[WhiteClock "0:00:15"]
[BlackClock "0:00:07"]

1. e4 c5 2. Nf3 Nc6 3. Nc3 g6 4. d4 cxd4 5. Nxd4 Bg7 6. Be3 Nf6 7. Bc4 O-O 8. Bb3 Re8 9. O-O d6 10. h3 Na5 11. f4 Nxb3 12. axb3 a6 13. Qd2 Bd7 14. e5 dxe5 15. fxe5 Nh5 16. Qf2 f5 17. e6 Bc6 18. Nxc6 bxc6 19. Rfd1 Qc8 20. Rd7 Nf6 21. Qd2 Rd8 22. Rxd8+ Qxd8 23. Qxd8+ Rxd8 24. Rxa6 Nd5 25. Nxd5 cxd5 26. Bg5 Bxb2 27. Bxe7 Re8 28. Bc5 h5 29. b4 Kg7 30. b5 Kf6 31. e7+ Kf7 32. b6 Be5 33. b7 Rb8 34. Ra8 g5 35. Ba7 Re8 36. Rxe8 Kxe8 37. b8=Q+ Bxb8 38. Bxb8 Kxe7 39. Kf2 Ke6 40. h4 gxh4 41. Kf3 d4 42. Kf4 Kd5 43. Kxf5 Kc4 44. Kg5 h3 45. gxh3 Kc3 46. Be5 Kxc2 47. Bxd4 Kd3 48. Bf6 Ke4 49. h4 Kd5 50. Kxh5 Ke6 51. Kg6 1-0


[Site "https://www.chess.com"]

[Event "Titled Tuesday Blitz January 17 Late 2023"]
[White "Vovk, Orest"]
[Black "Boyer, Mahel"]
[WhiteFideId "14113490"]
[BlackFideId "45102422"]
[WhiteElo "2315"]
[BlackElo "2489"]
[Result "1-0"]
[Round "05"]
[TimeControl "180+2"]
[Date "2023.01.17"]
[WhiteClock "0:00:05"]
[BlackClock "0:00:04"]

1. h4 a5 2. h5 a4 3. a3 b6 4. Nc3 Bb7 5. d4 f5 6. h6 g6 7. Nf3 Nf6 8. Ng5 e6 9. Bf4 Be7 10. Nb5 Na6 11. Be5 O-O 12. e3 Ng4 13. Nf3 d6 14. Bg3 c6 15. Nc3 b5 16. Be2 Nc7 17. Nd2 Nf6 18. Bf3 Ncd5 19. Nxd5 exd5 20. b3 Ne4 21. Nxe4 fxe4 22. Bg4 Bc8 23. b4 Bxg4 24. Qxg4 Qc8 25. Qxc8 Raxc8 26. Kd2 Rf5 27. c3 Rcf8 28. Ke2 Kf7 29. Raf1 g5 30. f3 Kg6 31. f4 gxf4 32. Bxf4 Bg5 33. Bxg5 Kxg5 34. Rxf5+ Rxf5 35. Rf1 Rxf1 36. Kxf1 Kxh6 37. Kf2 Kg5 38. Kg3 Kh5 39. Kh3 Kg5 40. g4 h5 41. gxh5 Kxh5 42. Kg3 Kg5 43. Kh3 Kf5 44. Kh4 c5 45. Kh5 Kf6 46. Kh6 Kf7 47. Kg5 cxd4 48. cxd4 Ke6 49. Kg6 Ke7 50. Kg7 Ke6 51. Kf8 Kf5 52. Ke7 Kg4 53. Kxd6 Kf3 54. Kxd5 Kxe3 55. Kc5 Kf3 56. d5 e3 57. d6 e2 58. d7 e1=Q 59. d8=Q Qe3+ 60. Kxb5 Qxa3 61. Qa8+ Kf4 62. Qxa4 Qd3+ 63. Ka5 Qd5+ 64. Qb5 Qa2+ 65. Kb6 Qe6+ 66. Qc6 Qe3+ 67. Qc5 Qe6+ 68. Ka5 Qa2+ 69. Kb6 Qe6+ 70. Kb7 Qe4+ 71. Ka6 Qe6+ 72. Qb6 Qc4+ 73. Ka7 Qa2+ 74. Qa5 Qf7+ 75. Ka6 Qe6+ 76. Qb6 Qc4+ 77. Ka5 Qa2+ 78. Kb5 Qd5+ 79. Qc5 Qb7+ 80. Kc4 Ke4 81. Qd4+ Kf5 82. b5 Ke6 83. Qc5 Kd7 84. Kb4 Qe4+ 85. Ka5 Qa8+ 86. Kb6 Qb8+ 87. Ka6 Qa8+ 88. Qa7+ Kd6 89. Qxa8 Kc5 90. Qc6+ Kb4 91. b6 Ka3 92. b7 Ka2 93. b8=Q Ka1 94. Qa4# 1-0


[Site "https://www.chess.com"]

[Event "Titled Tuesday Blitz January 17 Late 2023"]
[White "Gasparyan, David"]
[Black "Averjanov, Alexey"]
[WhiteFideId "13311980"]
[BlackFideId "14109867"]
[WhiteElo "2142"]
[BlackElo "2399"]
[Result "1/2-1/2"]
[Round "05"]
[TimeControl "180+2"]
[Date "2023.01.17"]
[WhiteClock "0:02:29"]
[BlackClock "0:02:49"]

1. d4 d5 2. c4 dxc4 3. e3 Nf6 4. Nd2 e6 5. Nxc4 a6 6. Nf3 b5 7. Nce5 Bb7 8. Bd3 Nbd7 9. O-O c5 10. b3 Be7 11. Bb2 O-O 12. Rc1 Rc8 13. Qe2 Qb6 14. Rfd1 Rfd8 15. Bb1 h6 1/2-1/2


[Site "https://www.chess.com"]

[Event "Titled Tuesday Blitz January 17 Late 2023"]
[White "Womacka, Mathias"]
[Black "Rostomyan, Mikayel"]
[WhiteFideId "4611390"]
[BlackFideId "13313754"]
[WhiteElo "2396"]
[BlackElo "2222"]
[Result "0-1"]
[Round "05"]
[TimeControl "180+2"]
[Date "2023.01.17"]
[WhiteClock "0:00:01"]
[BlackClock "0:02:12"]

1. e4 c5 2. Nf3 Nc6 3. d4 cxd4 4. Nxd4 g6 5. c4 Nf6 6. Nc3 Nxd4 7. Qxd4 d6 8. Be2 Bg7 9. Be3 O-O 10. Qd2 a5 11. O-O a4 12. Bd4 Be6 13. f4 Qa5 14. Qe3 Rfc8 15. Bb6 Qb4 16. a3 Qb3 17. Nd5 Bxd5 18. Qxb3 axb3 19. exd5 Nd7 20. Be3 Bxb2 21. Rab1 Bxa3 22. Rxb3 Bc5 23. Kf2 Bxe3+ 24. Kxe3 Nc5 25. Rc3 Ra2 26. f5 Kg7 27. fxg6 hxg6 28. Bg4 Rca8 29. Bf3 R8a3 30. Rxa3 Rxa3+ 31. Kd2 Rb3 32. Re1 Kf8 33. h4 b5 34. cxb5 Rxb5 35. Kc3 Rb3+ 36. Kc4 Rb2 37. Re3 Rb7 0-1


[Site "https://www.chess.com"]

[Event "Titled Tuesday Blitz January 17 Late 2023"]
[White "Flores Quillas, Diego Saul Rodri"]
[Black "Kuznecovs, Nikita"]
[WhiteFideId "3822508"]
[BlackFideId "11604557"]
[WhiteElo "2359"]
[BlackElo "2287"]
[Result "1-0"]
[Round "05"]
[TimeControl "180+2"]
[Date "2023.01.17"]
[WhiteClock "0:00:40"]
[BlackClock "0:00:35"]

1. e4 e6 2. d4 d5 3. Nc3 Nf6 4. Bg5 h6 5. Bxf6 Qxf6 6. exd5 Bb4 7. Bb5+ c6 8. dxc6 bxc6 9. Be2 O-O 10. Nf3 c5 11. O-O Bxc3 12. bxc3 Rd8 13. Ne5 Bb7 14. Rb1 Bd5 15. Bf3 Nd7 16. Bxd5 exd5 17. Re1 Rac8 18. Rb7 Qd6 19. h3 Rc7 20. Rxc7 Qxc7 21. Qf3 Nf8 22. Nd3 Ne6 23. dxc5 Nxc5 24. Nxc5 Qxc5 25. Rd1 Qc4 26. Rb1 Qxa2 27. Rb7 d4 28. cxd4 Rxd4 29. Rb8+ Kh7 30. Qf5+ g6 31. Qf6 1-0


[Site "https://www.chess.com"]

[Event "Titled Tuesday Blitz January 17 Late 2023"]
[White "Rojas Salas, Steven"]
[Black "Kleiman, Jake"]
[WhiteFideId "3819434"]
[BlackFideId "2020041"]
[WhiteElo "2217"]
[BlackElo "2399"]
[Result "1-0"]
[Round "05"]
[TimeControl "180+2"]
[Date "2023.01.17"]
[WhiteClock "0:00:20"]
[BlackClock "0:00:42"]

1. c4 e6 2. e4 e5 3. Nf3 Nc6 4. d4 exd4 5. Nxd4 Bb4+ 6. Bd2 Bxd2+ 7. Qxd2 Nf6 8. Nc3 O-O 9. Be2 Re8 10. Qd3 d6 11. O-O Qe7 12. f3 Nxd4 13. Qxd4 Qe5 14. Rfd1 Be6 15. Qxe5 dxe5 16. Nd5 Rac8 17. Nxf6+ gxf6 18. c5 Kf8 19. b4 Ke7 20. a3 f5 21. Kf2 Rg8 22. exf5 Bxf5 23. Rd5 f6 24. Rad1 Be6 25. R5d2 h6 26. g3 Rcf8 27. Ke3 h5 28. f4 h4 29. Kf2 e4 30. g4 Bxg4 31. Bxg4 Rxg4 32. Ke3 f5 33. Rd7+ Ke6 34. Rxc7 Rg2 35. Rd6# 1-0


[Site "https://www.chess.com"]

[Event "Titled Tuesday Blitz January 17 Late 2023"]
[White "Yedidia, Daniel"]
[Black "Andrews, Todd"]
[WhiteFideId "30905907"]
[BlackFideId "2012456"]
[WhiteElo "2041"]
[BlackElo "2220"]
[Result "1/2-1/2"]
[Round "05"]
[TimeControl "180+2"]
[Date "2023.01.17"]
[WhiteClock "0:00:04"]
[BlackClock "0:00:04"]

1. d4 c5 2. d5 g6 3. c4 Bg7 4. Nc3 d6 5. e4 e5 6. Bd3 a6 7. Nge2 Ne7 8. Be3 O-O 9. O-O f5 10. f4 b5 11. cxb5 axb5 12. Bxb5 Ba6 13. fxe5 Bxe5 14. Bf4 Bg7 15. a4 Kh8 16. Kh1 fxe4 17. Bxa6 Nxa6 18. Nxe4 Nf5 19. Ng5 Nc7 20. Nc3 Nd4 21. Be3 Qe7 22. Bd2 h6 23. Nf3 Nf5 24. Qc2 Qf7 25. Rad1 Nxd5 26. Nxd5 Qxd5 27. Bxh6 Ng3+ 28. hxg3 Qh5+ 29. Nh4 Qxh6 30. Qxg6 Rxf1+ 31. Rxf1 Qxg6 32. Nxg6+ Kh7 33. Ne7 Rxa4 34. b3 Rb4 35. Rf3 Be5 36. Nc6 Re4 37. Kh2 d5 38. Kh3 d4 39. g4 Bg7 40. Kg3 Re6 41. Na5 Be5+ 42. Kf2 Bf6 43. Nc4 Bh4+ 44. g3 Bg5 45. Rf5 Be7 46. Re5 Rf6+ 47. Ke2 Bf8 48. g5 Rf7 49. Re6 Kg7 50. Ne5 Re7 51. Rxe7+ Bxe7 52. g6 Bd6 53. Nd3 Kxg6 54. Kf3 Kf5 55. g4+ Kg5 56. Nf2 Be5 57. Ne4+ Kg6 58. Nxc5 Kg5 59. Ne4+ Kg6 60. Ke2 Kf7 61. Kd3 Ke6 62. b4 Kd5 63. g5 Ke6 64. b5 Kf5 65. b6 Kg6 66. b7 Kf5 67. g6 Kxg6 68. Nc5 Kf7 69. Nd7 Bc7 70. Kxd4 Ke7 71. Nc5 Kd6 72. Kc4 Kc6 73. Kb4 Bd6 74. Kc4 Kc7 75. Kb5 Bxc5 76. Kxc5 Kxb7 1/2-1/2


[Site "https://www.chess.com"]

[Event "Titled Tuesday Blitz January 17 Late 2023"]
[White "reevecanada"]
[Black "Kavutskiy, Konstantin"]
[BlackFideId "2026384"]
[WhiteElo "2474"]
[BlackElo "2414"]
[Result "1/2-1/2"]
[Round "05"]
[TimeControl "180+2"]
[Date "2023.01.17"]
[WhiteClock "0:00:25"]
[BlackClock "0:00:07"]

1. e4 Nc6 2. d4 d6 3. d5 Nb8 4. f4 Nf6 5. Nc3 c6 6. dxc6 Nxc6 7. Nf3 e6 8. g3 Be7 9. Bg2 O-O 10. O-O a6 11. Be3 Ng4 12. Qe2 Nxe3 13. Qxe3 Qc7 14. Rad1 b5 15. a3 Bb7 16. Kh1 b4 17. axb4 Nxb4 18. Nd4 Rac8 19. Rd2 Rfd8 20. f5 e5 21. Nb3 Bf6 22. h4 d5 23. exd5 e4 24. Nxe4 Nxd5 25. Nxf6+ Nxf6 26. Rfd1 Re8 27. Qg1 Ne4 28. Rd3 Nxg3+ 29. Rxg3 Qxg3 30. Bxb7 Qxh4+ 31. Qh2 Re1+ 32. Rxe1 Qxe1+ 33. Qg1 Qh4+ 34. Qh2 Qxh2+ 35. Kxh2 Rxc2+ 36. Kg3 Rxb2 37. Bd5 a5 38. Nxa5 Rb5 39. Nc6 Kf8 40. Be4 g6 41. f6 Rb3+ 42. Kf4 h6 43. Ne5 Rb4 44. Kf3 Rb3+ 45. Kf4 Rb2 46. Bd5 Rf2+ 47. Kg3 Rxf6 48. Nd7+ Ke7 49. Nxf6 Kxf6 50. Kf4 g5+ 51. Kg4 Kg6 52. Be4+ Kg7 53. Kf5 f6 54. Bf3 Kf7 55. Bh5+ Ke7 56. Bg6 Kd6 57. Kxf6 g4 58. Be4 g3 59. Bg2 h5 60. Kg5 h4 61. Kxh4 Ke5 62. Kxg3 1/2-1/2


[Site "https://www.chess.com"]

[Event "Titled Tuesday Blitz January 17 Late 2023"]
[White "Rosen, Eric"]
[Black "Urbina Perez, Juan Antonio"]
[WhiteFideId "2032562"]
[BlackFideId "2217368"]
[WhiteElo "2349"]
[BlackElo "2266"]
[Result "1-0"]
[Round "05"]
[TimeControl "180+2"]
[Date "2023.01.17"]
[WhiteClock "0:00:42"]
[BlackClock "0:00:07"]

1. d4 d5 2. Bf4 c6 3. Nf3 Bf5 4. c4 e6 5. Qb3 Qb6 6. c5 Qxb3 7. axb3 Bxb1 8. Rxb1 Nd7 9. b4 a6 10. e3 Ngf6 11. h3 Be7 12. Nd2 O-O-O 13. Ra1 Rde8 14. b5 cxb5 15. Bxb5 Bd8 16. Rxa6 Bc7 17. Ra8+ Nb8 18. Bxc7 Kxc7 19. Bxe8 Rxe8 20. b4 Re7 21. b5 Nfd7 22. Ke2 f6 23. Kd3 e5 24. Rha1 f5 25. R1a7 Kc8 26. Nb3 f4 27. Na5 fxe3 28. fxe3 exd4 29. exd4 b6 30. Nc6 Rf7 31. Rxd7 1-0


[Site "https://www.chess.com"]

[Event "Titled Tuesday Blitz January 17 Late 2023"]
[White "Olafsson, Helgi"]
[Black "Novikov, Evgenij"]
[WhiteFideId "2300010"]
[BlackFideId "4125380"]
[WhiteElo "2491"]
[BlackElo "2276"]
[Result "1-0"]
[Round "05"]
[TimeControl "180+2"]
[Date "2023.01.17"]
[WhiteClock "0:01:00"]
[BlackClock "0:00:09"]

1. Nf3 Nf6 2. c4 c6 3. d4 d6 4. Nc3 Nbd7 5. e4 Qc7 6. Be2 e5 7. O-O Be7 8. Bg5 h6 9. Bh4 O-O 10. Rc1 a5 11. Re1 Re8 12. Bf1 Nh5 13. Bxe7 Rxe7 14. g3 Nhf6 15. Bg2 exd4 16. Nxd4 Nc5 17. Qd2 a4 18. Rb1 Be6 19. b4 axb3 20. axb3 Ra3 21. Ndb5 cxb5 22. Nxb5 Qa5 23. Qxd6 Rd7 24. Qxc5 Rxb3 25. Ra1 Qd2 26. e5 Nh5 27. Bf3 Qg5 28. Ra8+ Kh7 29. h4 Qg6 30. Qf8 1-0


[Site "https://www.chess.com"]

[Event "Titled Tuesday Blitz January 17 Late 2023"]
[White "Hajiyev, Kanan"]
[Black "Omelja, Artem"]
[WhiteFideId "13404148"]
[BlackFideId "14119846"]
[WhiteElo "2197"]
[BlackElo "2446"]
[Result "1/2-1/2"]
[Round "05"]
[TimeControl "180+2"]
[Date "2023.01.17"]
[WhiteClock "0:00:08"]
[BlackClock "0:00:45"]

1. d4 h6 2. g3 Nf6 3. Bg2 a5 4. Nf3 d5 5. O-O c6 6. c4 e6 7. c5 Nbd7 8. Bf4 b6 9. cxb6 Qxb6 10. Qc2 Ba6 11. Rc1 Rc8 12. Nc3 Be7 13. Na4 Qb5 14. Bf1 c5 15. dxc5 Nxc5 16. e3 Qb7 17. Bxa6 Qxa6 18. Nxc5 Rxc5 19. Qa4+ Kf8 20. Rxc5 Bxc5 21. Rc1 Ne4 22. Qd7 Kg8 23. Ne5 Qe2 24. Qxf7+ Kh7 25. Qg6+ Kg8 26. Qxe6+ Kh7 27. Qf5+ Kg8 28. Rf1 Nd2 29. Rc1 Ne4 30. Qf7+ Kh7 31. Qf5+ Kg8 1/2-1/2


[Site "https://www.chess.com"]

[Event "Titled Tuesday Blitz January 17 Late 2023"]
[White "Sebag, Marie"]
[Black "Mortazavi, Ali"]
[WhiteFideId "617822"]
[BlackFideId "401323"]
[WhiteElo "2430"]
[BlackElo "2333"]
[Result "1-0"]
[Round "05"]
[TimeControl "180+2"]
[Date "2023.01.17"]
[WhiteClock "0:00:13"]
[BlackClock "0:00:01"]

1. e4 c6 2. Nf3 d5 3. Nc3 dxe4 4. Nxe4 Nf6 5. Qe2 Be6 6. d3 Qc7 7. Bd2 g6 8. Nfg5 Qc8 9. Nxe6 Qxe6 10. Nxf6+ exf6 11. O-O-O Qxe2 12. Bxe2 Bg7 13. g4 Nd7 14. h4 O-O-O 15. h5 Rhe8 16. Rde1 Bf8 17. hxg6 hxg6 18. Rh7 Bc5 19. Bd1 Bxf2 20. Rxe8 Rxe8 21. Rxf7 Bh4 22. g5 f5 23. Rg7 Ne5 24. Bf4 c5 25. b4 cxb4 26. d4 Ng4 27. Rc7+ Kd8 28. Rxb7 Re1 29. Kd2 Rf1 30. Bxg4 Rxf4 31. Be2 Bxg5 32. Kd3 a5 33. Rg7 Rh4 34. Rxg6 Rh3+ 35. Kc4 Be7 36. Bd3 f4 37. Rg8+ Kc7 38. Rg7 Kd6 39. Rf7 Bg5 40. Rf5 Bh6 41. Rxa5 f3 42. Rf5 Be3 43. Kxb4 f2 44. Kc4 Rh4 45. c3 Rh1 46. Rf6+ Ke7 47. Rf3 Re1 48. a4 Kd6 49. a5 1-0


[Site "https://www.chess.com"]

[Event "Titled Tuesday Blitz January 17 Late 2023"]
[White "Donskov, Anatoly"]
[Black "Kochetov, Andrey"]
[WhiteFideId "24143413"]
[BlackFideId "24130532"]
[WhiteElo "2279"]
[BlackElo "2165"]
[Result "1-0"]
[Round "05"]
[TimeControl "180+2"]
[Date "2023.01.17"]
[WhiteClock "0:00:07"]
[BlackClock "0:00:01"]

1. e4 e5 2. Nf3 Nf6 3. d4 Nxe4 4. Bd3 d5 5. Nxe5 Bd6 6. O-O O-O 7. c4 c6 8. Nc3 Nxc3 9. bxc3 Bxe5 10. dxe5 Nd7 11. Re1 Nc5 12. Bc2 Re8 13. Qh5 g6 14. Qh6 Ne6 15. cxd5 cxd5 16. h4 Qe7 17. a4 Qf8 18. Qd2 Qe7 19. g3 Bd7 20. Ba3 Qd8 21. Qh6 Ng7 22. Rad1 Bf5 23. Bb3 Qc7 24. Qe3 Rac8 25. Bb2 Be4 26. f3 Bf5 27. Bxd5 Be6 28. c4 Nf5 29. Qf4 Qb6+ 30. Bd4 Nxd4 31. Rxd4 Red8 32. Kg2 Bxd5 33. cxd5 Rc2+ 34. Kh3 1-0


[Site "https://www.chess.com"]

[Event "Titled Tuesday Blitz January 17 Late 2023"]
[White "Lopez Gracia, Fernando"]
[Black "Fernandez Garcia, Gumersindo"]
[WhiteFideId "2207184"]
[BlackFideId "24516740"]
[WhiteElo "2255"]
[BlackElo "2160"]
[Result "1-0"]
[Round "05"]
[TimeControl "180+2"]
[Date "2023.01.17"]
[WhiteClock "0:00:15"]
[BlackClock "0:00:05"]

1. c4 Nf6 2. Nc3 g6 3. e4 d6 4. d4 Bg7 5. Be2 O-O 6. Bg5 Nbd7 7. Qd2 e5 8. d5 Nc5 9. b4 Ncd7 10. Nf3 a5 11. bxa5 Nc5 12. O-O Bg4 13. h3 Bxf3 14. Bxf3 Rxa5 15. Rfb1 b6 16. Rb5 Ra3 17. Be3 Nfd7 18. Be2 f5 19. f3 Qh4 20. Bf2 Bh6 21. Qb2 Qf4 22. Qxa3 fxe4 23. Rb2 exf3 24. Bxf3 Nd3 25. Re2 Nxf2 26. Rxf2 Qd4 27. Rd1 Qxc4 28. Bg4 Be3 29. Bxd7 Bxf2+ 30. Kh1 Bd4 31. Be6+ Kh8 32. Ne4 Qe2 33. Qd3 Qxa2 34. Rf1 Rxf1+ 35. Qxf1 Qa1 36. Qxa1 Bxa1 37. Nf6 b5 38. Bd7 b4 39. Ba4 Bd4 40. Ne8 Bb6 41. g4 Kg8 42. Nf6+ Kg7 43. Ne4 h6 44. Kg2 Kf7 45. Kf3 Ke7 46. Ke2 c5 47. dxc6 d5 48. Nd2 Kd6 49. Kd3 e4+ 50. Ke2 Ke5 51. Nb3 d4 52. Bb5 d3+ 53. Kd2 Kf4 54. Nc5 Bc7 55. Ne6+ Kf3 56. Nxc7 b3 57. Kc3 b2 58. Kxb2 Ke3 59. Nd5+ Kd2 60. c7 e3 61. Nxe3 1-0


[Site "https://www.chess.com"]